Map: Void Thrashing

Players

sTkmonk

  • Race: Terran Terran
  • Spawn Location: 9:00

monk

  • Race: Protoss Protoss
  • Spawn Location: 6:00

VOD

Have the link to the VOD?

Description

Time

  • Played on: Sept. 23, 2017, 6:09 a.m.
  • Length: 15:59
Show
View Real Time Build Order
Export as new Build Order

sTkmonk Terran 

Build Orders:  

Get SALT Encoding   

Show
View Real Time Build Order
Export as new Build Order

monk Protoss 

Build Orders:  

Get SALT Encoding   

  12  0:03  Probe (Chrono Boost)  
  13  0:16  Probe (Chrono Boost)  
  14  0:27  Probe (Chrono Boost)  
  15  0:38  Gateway  
  15  0:45  Probe (Chrono Boost)  
  16  0:56  Probe (Chrono Boost)  
  16  0:59  Assimilator  
  17  1:07  Probe (Chrono Boost)  
  18  1:14  Assimilator  
  18  1:18  Probe (Chrono Boost)  
  19  1:29  Probe (Chrono Boost)  
  21  1:40  Probe (Chrono Boost)  
  21  1:50  Probe (Chrono Boost)  
  21  1:52  Zealot  
  24  2:06  Zealot, Probe  
  27  2:28  Zealot  
  29  2:51  Nexus  
  29  3:04  Cybernetics Core  
  29  3:08  Probe (Chrono Boost)  
  31  3:20  Probe (Chrono Boost)  
  32  3:31  Probe (Chrono Boost)  
  32  3:42  Probe (Chrono Boost)  
  33  3:53  Probe (Chrono Boost)  
  33  3:59  Stargate  
  34  4:07  Probe (Chrono Boost)  
  35  4:17  Assimilator  
  36  4:21  Probe (Chrono Boost)  
  36  4:22  Pylon  
  36  4:25  Assimilator  
  36  4:32  Probe (Chrono Boost)  
  36  4:34  Probe (Chrono Boost)  
  38  4:43  Probe (Chrono Boost)  
  38  4:46  Probe (Chrono Boost)  
  40  4:54  Probe (Chrono Boost)  
  40  4:57  Probe (Chrono Boost)  
  42  5:02  Zealot  
  46  5:10  Probe x2 (Chrono Boost)  
  46  5:20  Protoss Air Weapons Level 1  
  46  5:21  Probe (Chrono Boost)  
  46  5:23  Fleet Beacon  
  46  5:29  Probe (Chrono Boost)  
  46  5:33  Probe (Chrono Boost)  
  48  5:40  Probe (Chrono Boost)  
  48  5:44  Probe (Chrono Boost)  
  49  5:53  Probe (Chrono Boost)  
  49  5:56  Probe (Chrono Boost)  
  51  6:04  Probe (Chrono Boost)  
  52  6:16  Probe (Chrono Boost)  
  53  6:28  Disintegration  
  53  6:36  Tempest  
  57  6:42  Probe  
  57  6:48  Tempest  
  62  6:54  Tempest  
  62  7:08  Zealot  
  62  7:14  Twilight Council  
  62  7:16  Stargate  
  62  7:26  Protoss Air Weapons Level 2  
  62  8:05  Tempest  
  66  8:12  Tempest  
  70  8:21  Whirlwind  
  70  8:33  Gateway  
  70  8:36  Gateway  
  70  8:39  Gateway  
  70  8:40  Tempest  
  74  8:57  Gateway  
  74  9:04  Tempest  
  78  9:22  Protoss Air Weapons Level 3  
  78  9:31  Tempest  
  82  10:03  Tempest  
  86  10:16  Zealot  
  86  10:52  Zealot x7  
  86  10:53  Zealot x6  
  112  11:33  Tempest x2  
  120  11:45  Tempest  
  124  12:12  Tempest  
  118  13:02  Tempest x2  
  112  13:39  Tempest  
  116  13:56  Tempest  
  120  14:18  Tempest  
  124  14:40  Tempest  
  128  15:02  Zealot  
  128  15:03  Zealot x5  
  128  15:04  Zealot x7  
  128  15:05  Zealot  
  152  15:14  Zealot  
  152  15:16  Tempest  
Tags
 
Add a new tag
Caveats
  • Supply blocks, unpowered buildings, or Contaminate may cause inaccurate times.
  • Supply counts are checked every 10 seconds.